AoeStats
← Dr_DanglePeen_AD

Nomad

503934686Analyzed
4v4 RM · 28d ago on Sep 3, 2026· 27m 42s· 8 players
Game mode
Random Map
Map size
231×231
Population
200
Speed
Normal
Resources
Standard
Victory
Conquest
Starting age
Dark Age
Ending age
Imperial Age
RankedLock teamsTeams togetherTeam positionsShared explorationLock speedFull tech treeHidden civsTurbo modeCheats
Victory
Defeat
🇺🇸 Persians · United States
1298
+15
🇲🇽 Celts · Mexico
1260
+17
🇨🇦 Armenians · Canada
1224
+19
🇺🇸 Vikings · United States
1148
+22
1341
-21
🇯🇵 Persians · Japan
1337
-21
🇦🇷 Burgundians · Argentina
1236
-16
🇹🇼 Byzantines · Taiwan
1210
-15
[GDL] HANNIBAL
3:44 Loom
12:50 Feudal Age
17:14 Castle Age
15:42 Scale Mail Armor
17:17 Forging
16:54 Double-Bit Axe
17:49 Town Watch
20:03 Wheelbarrow
19:42 Bow Saw
27:34 Gambesons
ghabil
12:41 Feudal Age
17:23 Castle Age
17:30 Double-Bit Axe
18:16 Loom
18:20 Fishing Lines
19:11 Gillnets
19:58 Bow Saw
21:17 Wheelbarrow
20:50 Scale Barding Armor
23:07 Bloodlines
24:45 Horse Collar
26:48 Heavy Plow
Veloester
5:45 Loom
14:55 Feudal Age
15:47 Double-Bit Axe
15:44 Horse Collar
18:32 Gold Mining
20:09 Wheelbarrow
22:32 Castle Age
22:27 Forging
22:47 Bloodlines
22:44 Scale Barding Armor
24:15 Chain Barding Armor
24:15 Husbandry
Dr_DanglePeen_AD
11:58 Loom
14:40 Feudal Age
23:29 Castle Age
21:44 Double-Bit Axe
22:00 Fletching
23:05 Gold Mining
24:50 Crossbowman
25:45 Bow Saw
HAMADY
13:07 Feudal Age
12:00 Loom
17:15 Castle Age
15:48 Double-Bit Axe
16:20 Horse Collar
19:32 Bow Saw
20:15 Heavy Plow
22:31 Wheelbarrow
26:53 Fletching
27:43 Bodkin Arrow
Liam
4:58 Loom
14:06 Feudal Age
18:57 Castle Age
16:50 Double-Bit Axe
16:50 Horse Collar
17:17 Gold Mining
22:01 Wheelbarrow
21:37 Stone Mining
22:55 Bow Saw
22:48 Heavy Plow
29:56 Imperial Age
✬得↗劲儿↘魔法✬~
4:37 Loom
14:01 Feudal Age
14:29 Double-Bit Axe
14:25 Horse Collar
14:08 Man-at-Arms
14:35 Arson
14:44 Gold Mining
21:31 Castle Age
19:56 Scale Mail Armor
20:07 Forging
22:35 Bow Saw
21:55 Long Swordsman
23:11 Chain Mail Armor
24:06 Squires
twitch.tv/megafussion
5:48 Loom
15:21 Feudal Age
19:31 Castle Age
18:17 Town Watch
18:36 Double-Bit Axe
19:26 Fletching
20:20 Bow Saw
Connection lost

Rejoining the realm…

Still unreachable

The connection could not be restored.

Session expired

The server has moved on; the page needs a fresh start.